 Dungeon Crawl Stone Soup version 0.18-a0-993-g4a3b7c7 (webtiles) character file.

56 M4edhros the Charlatan (level 3, -1/23 HPs)
             Began as an Octopode Artificer on Jan 4, 2016.
             Slain by a quokka (4 damage)
             ... on level 3 of the Dungeon.
             The game lasted 00:01:40 (1341 turns).

M4edhros the Charlatan (Octopode Artificer)         Turns: 1341, Time: 00:01:40

Health: -1/23      AC:  1    Str: 10    XL:     3   Next: 97%
Magic:  5/5        EV: 13    Int: 15    God:
Gold:   48         SH:  0    Dex: 12    Spells: 0 memorised, 2 levels left

rFire  . . .     SeeInvis .     o - -2 short sword (curse)
rCold  . . .     Gourm    .     (no shield)
rNeg   . . .     Faith    .     (helmet restricted)
rPois  .         Spirit   .     (no amulet)
rElec  .         Dismiss  .     (no ring)
rCorr  .         Reflect  .     (no ring)
SustAt .         Harm     .     (no ring)
MR     .....                    (no ring)
Stlth  ++++......               (no ring)
                                (no ring)
                                (no ring)
                                (no ring)

@: not resistant to hostile enchantments, stealthy
A: almost no armour, amphibious, 8 rings, constrict 8, camouflage 1, gelatinous
body 1
a: no special abilities


You were on level 3 of the Dungeon.
You were very hungry.

You visited 1 branch of the dungeon, and saw 3 of its levels.

You collected 48 gold pieces.

Inventory:

Hand Weapons
 a - a +1 short sword
 o - a cursed -2 short sword (weapon)
Missiles
 e - 25 sling bullets
 g - 21 sling bullets of flame
 h - 32 stones (quivered)
Wands
 b - a wand of flame (14/48)
 c - a wand of enslavement (15/24)
 d - a wand of random effects (15/48)
Scrolls
 i - a scroll of enchant weapon
 m - a scroll of immolation
Potions
 j - a potion of heal wounds {unknown}
Comestibles
 f - a bread ration


   Skills:
 - Level 1.0 Fighting
 - Level 1.0 Short Blades
 * Level 2.9 Dodging
 * Level 3.6 Stealth
 + Level 3.7 Evocations


You had 2 spell levels left.
You didn't know any spells.

Dungeon Overview and Level Annotations

Branches:
Dungeon (3/15)

Altars:
Fedhas


Innate Abilities, Weirdness & Mutations

You cannot wear most types of armour.
You are amphibious.
You can wear up to eight rings at the same time.
You can use your tentacles to constrict eight enemies at once.
Your skin changes colour to match your surroundings (Stealth).
Your rubbery body absorbs attacks (AC +1).


Message History

You hit the jackal.
You kill the jackal!
The hobgoblin hits you but does no damage.
The jackal misses you. The giant newt barely misses you.
You hit the orc.
You kill the orc!
The jackal splashes around in the water.
The quokka twitches its whiskers.
The hobgoblin hits you with a club.
* * * LOW HITPOINT WARNING * * *
The jackal splashes around in the water.
The giant newt bites you.
* * * LOW HITPOINT WARNING * * *
You hit the hobgoblin. You grab the hobgoblin.
The hobgoblin is almost dead.
You constrict the hobgoblin, but do no damage.
The hobgoblin closely misses you.
The jackal splashes around in the water.
The quokka bites you.
You die...

.#...≈...≈...≈.
.#.≈.≈.≈.≈.≈.≈.≈.
. ...≈...≈...≈...≈
#.##≈.≈$≈.≈.≈.≈.≈.
......≈...≈...≈..
#≈.≈.≈.≈.≈.≈.≈.
#.≈...≈...≈...≈
#.≈.≈rhl≈.≈.≈. ###
#....g@...###
##.## #.####.....#
##...######.#
#..%..#
#....†......#
#.....#
##...########
#...>.# ##.##
#.....# #.#
###..## #<# ..#
#.#


You could see a quokka, a jackal, a hobgoblin and a giant newt.

Vanquished Creatures
  An ooze (D:1)
  4 giant geckos
  An orc (D:3)
  3 bats
  A giant cockroach (D:1)
  8 goblins
  2 hobgoblins
  7 jackals
  7 kobolds
  3 giant newts (D:1)
  5 rats
42 creatures vanquished.

Notes
Turn   | Place    | Note
--------------------------------------------------------------
     0 | D:1      | M4edhros the Octopode Artificer began the quest for the Orb.
     0 | D:1      | Reached XP level 1. HP: 13/13 MP: 3/3
    61 | D:1      | Reached XP level 2. HP: 11/18 MP: 4/4
   609 | D:1      | Reached XP level 3. HP: 17/23 MP: 5/5
  1074 | D:2      | Found a blossoming altar of Fedhas.
  1341 | D:3      | Slain by a quokka

Vault maps used:
D:1:      minmay_arrival_solitary_statue, st_stairs_8, hangedman_decor_growths
D:2:      lemuel_round_altar, tgw_fedhas
D:3:      first_bread, kennysheep_crisscross, patterned_corridor

Action                   || total
-------------------------++-------
Melee: Short sword       ||   110
Evoke: Wand              ||     1
  Use: Scroll            ||     4
       Potion            ||     3
 Stab: Distracted        ||     1
       Sleeping          ||     6
